 Dungeon Crawl Stone Soup version 0.22-a0-469-gf26638a71f (webtiles) character file.

90 Gobser the Charmwright (level 4, -3/29 HPs)
             Began as a Halfling Skald on June 13, 2018.
             Slain by an orc
             ... wielding a +0 flail
              (4 damage)
             ... on level 3 of the Dungeon.
             The game lasted 00:06:57 (2084 turns).

Gobser the Charmwright (Halfling Skald)             Turns: 2084, Time: 00:06:57

Health: -3/29      AC:  3    Str: 11 (12) XL:     4   Next: 85%
Magic:  0/6        EV: 14    Int: 10 (11) God:
Gold:   131        SH:  5    Dex: 12 (14) Spells: 5/6 levels left

rFire    . . .     SeeInvis .   a - +0 short sword
rCold    . . .     Gourm    .   (shield restricted)
rNeg     . . .     Faith    .   b - +0 leather armour
rPois    .         Spirit   .   (no helmet)
rElec    .         Reflect  +   (no cloak)
rCorr    .         Harm     .   (no gloves)
MR       .....                  (no boots)
Stlth    ++........             e - +5 amulet of reflection
HPRegen  0.09/turn              c - ring of wizardry
MPRegen  0.10/turn              (no ring)

@: infused (expiring), hasted, very quick
A: small, mutation resistance 1
a: no special abilities


You were on level 3 of the Dungeon.
You were hungry.

You visited 1 branch of the dungeon, and saw 3 of its levels.

You collected 131 gold pieces.

Inventory:

Hand Weapons
 a - a +0 short sword (weapon)
Armour
 b - a +0 leather armour (worn)
Jewellery
 c - a ring of wizardry (left hand)
 e - a +5 amulet of reflection (around neck)
 f - a +2 amulet of reflection
Scrolls
 g - a scroll of fog
 i - a scroll of remove curse
 k - a scroll of enchant armour {unknown}
Comestibles
 d - 2 rations


   Skills:
 + Level 2.1 Fighting
 + Level 3.0 Short Blades
 + Level 2.4 Armour
 + Level 2.5 Dodging
 + Level 1.8 Stealth
 + Level 1.8 Spellcasting
 + Level 3.7 Charms


You had 5 spell levels left.
You knew the following spells:

 Your Spells              Type           Power        Failure   Level  Hunger
a - Infusion              Chrm           #...         3%          1    ##.....

Your spell library contained the following spells:

 Spells                   Type           Power        Failure   Level  Hunger
 Regeneration             Chrm/Necr      #.........   22%         3    ####...
 Shroud of Golubria       Chrm/Tloc      #.........   12%         2    ###....
 Song of Slaying          Chrm           #.......     6%          2    ###....
 Spectral Weapon          Hex/Chrm       #.......     22%         3    ####...


Dungeon Overview and Level Annotations

Branches:
Dungeon (3/15)

Altars:


Innate Abilities, Weirdness & Mutations

You are small and have problems with some larger weapons.
You are somewhat resistant to further mutation.


Message History

Your magical infusion is running out.
The orc wizard hits you with a dagger.
* * * LOW HITPOINT WARNING * * *
You feel better. The orc barely misses you.
The orc wizard gestures at you while chanting.
The magic dart hits you!
* * * LOW HITPOINT WARNING * * *
You hit the orc wizard.
You kill the orc wizard!
You feel your intelligence returning.
Your Armour skill increases to level 2!
The orc closely misses you.
You are feeling hungry.
You hit the orc but do no damage.
The orc is heavily wounded.
You block the orc's attack.
You hit the orc but do no damage.
The orc is heavily wounded.
You feel yourself speed up. The orc hits you with a flail.
You die...

###### ..... #########
# ... #..( ...#
....##$##.#####.######
#...o@...)((.......#
#.##)##.#####(####.#
... #.# #†# #.# .....
#.. ..####.### ##.###
#### ####...)..# ...
#<##.#.# .## #....#.#
#.†..#.# #..)##.#


You could see an orc.

Vanquished Creatures
  An orc wizard (D:3)
  2 adders
  2 dart slugs (D:1)
  A leopard gecko (D:1)
  2 orcs (D:3)
  3 bats
  2 giant cockroaches
  4 hobgoblins
  A quokka (D:3)
  4 frilled lizards
  5 goblins
  8 kobolds
  5 rats
40 creatures vanquished.

Notes
Turn   | Place    | Note
-------+----------+-------------------------------------------
     0 | D:1      | Gobser the Halfling Skald began the quest for the Orb.
     0 | D:1      | Reached XP level 1. HP: 14/14 MP: 3/3
   364 | D:1      | Reached XP level 2. HP: 12/19 MP: 4/4
   885 | D:1      | Reached XP level 3. HP: 24/24 MP: 5/5
  2007 | D:3      | Reached skill level 1 in Stealth
  2048 | D:3      | Reached XP level 4. HP: 29/29 MP: 6/6
  2080 | D:3      | HP: 1/29 [orc wizard/magic dart (11)]
  2084 | D:3      | Slain by an orc

Vault maps used:
D:1:      onia_arrival_pyramid, serial_bayou_pond_d, minmay_close_crescents
D:2:      roderic_lattice_a
D:3:      first_ration

Skill      XL: |  1  2  3  4 |
---------------+-------------+-----
Fighting       | 2 |  2.1
Stealth        | 1 |  1.8
Short Blades   | 3 |  3.0
Armour         | 2 |  2.4
Dodging        | |  2.5
Spellcasting   | |  1.8
Charms         | |  3.7

Action                   |  1- 3 |  4- 6 || total
-------------------------+-------+-------++-------
Melee: Short sword       |   128 |    25 ||   153
 Cast: Infusion          |     4 |     1 ||     5
  Use: Scroll            |     6 |       ||     6
       Potion            |     7 |     2 ||     9
 Stab: Distracted        |     1 |       ||     1
       Sleeping          |     2 |       ||     2
  Eat: Ration            |     1 |       ||     1
Armor: Leather armour    |    24 |     2 ||    26
Dodge: Dodged            |    85 |    16 ||   101
Block: Other             |    25 |     3 ||    28
       Reflection        |     1 |     1 ||     2

Table legend:
 A = Spawn XP
 B = Non-spawn XP
 C = Spawn XP percentage of total XP
 D = Spawn monster count
 E = Non-spawn monster count
 F = Spawn count percentage of total count
 G = Total turns spent on level
                    A         B        C        D         E        F      G
               +---------+---------+-------+---------+---------+-------+---------
         Total |       0 |     129 |   0.0 |       0 |      40 |   0.0 |  2084
               +---------+---------+-------+---------+---------+-------+---------
           D:1 |       0 |      32 |   0.0 |       0 |      19 |   0.0 |  1078
           D:2 |       0 |      30 |   0.0 |       0 |      12 |   0.0 |   927
           D:3 |       0 |      67 |   0.0 |       0 |       9 |   0.0 |    79
               +---------+---------+-------+---------+---------+-------+---------
